 Dungeon Crawl Stone Soup version 0.28-a0-938-gbc3f381ebc (webtiles) character file.

Game seed: 6453030806950661431

327 t4s4d4r the Magician (level 6, 0/43 HPs)
             Began as a Djinni Earth Elementalist on Nov 28, 2021.
             Slain by an ufetubus (3 damage)
             ... on level 5 of the Dungeon.
             The game lasted 00:03:29 (4847 turns).

t4s4d4r the Magician (Djinni Earth Elementalist)    Turns: 4847, Time: 00:03:29

Health: 0/43       AC:  3    Str:  7    XL:     6   Next: 79%
Gold:   152        EV: 12    Int: 19    God:
                   SH:  0    Dex: 19

rFire   + + .      SeeInvis .   d - +1 dagger (drain)
rCold   x . .      Faith    .   (no shield)
rNeg    . . .      Spirit   .   b - +0 robe
rPois   ∞          Reflect  .   (no helmet)
rElec   .          Harm     .   r - +0 cloak
rCorr   +          Rampage  .   (no gloves)
Will    .....                   (boots unavailable)
Stlth   ++........              (no amulet)
HPRegen 0.14/turn               a - +6 ring of dexterity
MPRegen 0.00/turn               i - ring of resist corrosion

@: flying
A: sickness immunity, fire resistance 2, cold vulnerability 1, float, innate
caster, hp casting, extra vitality 1
a: no special abilities


You were on level 5 of the Dungeon.
You visited 1 branch of the dungeon, and saw 5 of its levels.

You collected 152 gold pieces.

Inventory:

Hand Weapons
 d - a +1 dagger of draining (weapon)
 p - a +0 rapier
Armour
 b - a +0 robe (worn)
 e - a +0 ring mail
 r - a +0 cloak (worn)
Jewellery
 a - a +6 ring of dexterity (left hand)
 i - a ring of resist corrosion (right hand)
Scrolls
 g - 2 scrolls of identify {unknown}
 j - a scroll of fog {unknown}
 l - a scroll of teleportation {unknown}
 n - a scroll of blinking {unknown}
 o - a scroll of summoning {unknown}
 s - a scroll of enchant weapon {unknown}
Potions
 f - a potion of heal wounds {unknown}
 h - 2 potions of curing {unknown}
 k - a potion of flight {unknown}
 m - a potion of resistance {unknown}
 q - a potion of ambrosia {unknown}
 t - 2 potions of might {unknown}
 u - a potion of lignification {unknown}


   Skills:
 + Level 2.0 Fighting
 - Level 2.1 Dodging
 - Level 1.5 Stealth
 * Level 5.1 Spellcasting


You had 2 spell levels left.
You knew the following spells:

 Your Spells              Type           Power      Damage    Failure   Level
a - Sandblast             Erth           48%        2d12      1%          1
b - Passwall              Tmut/Erth      20%        N/A       2%          2
c - Stone Arrow           Conj/Erth      48%        3d10      4%          3
d - Petrify               Tmut/Erth      24%        N/A       14%         4
e - Beastly Appendage     Tmut           48%        N/A       1%          1
f - Ensorcelled Hibernat  Hex/Ice        48%        N/A       2%          2
Your spell library was empty.

Dungeon Overview and Level Annotations

Branches:
Dungeon (5/15)
 Temple: D:4-7

Altars:
Makhleb


Innate Abilities, Weirdness & Mutations

You are immune to sickness and miasma.
You are immune to poison.
Your flesh is very heat resistant. (rF++)
You are vulnerable to cold. (rC-)
You float through the air rather than walking.
You learn spells naturally, not from books.
Your magical power is your life essence.
You have superior vitality. (+4 HP)


Message History

Your body is wracked with pain!
Aiming: Stone Arrow (dangerous; 5% risk of failure)
Press: ? - help, Q - select action, (/) - cycle Shift-Dir - straight line, f/p - Menkaure
Aim: Menkaure (moderately damaged, 86% to hit)
The stone arrow misses Menkaure.
Unknown command.
Aiming: Stone Arrow (dangerous; 5% risk of failure)
Press: ? - help, Q - select action, (/) - cycle Shift-Dir - straight line, f/p - Menkaure
Aim: Menkaure (moderately damaged, 86% to hit)
The stone arrow hits Menkaure!
Menkaure is almost destroyed.
Menkaure casts a spell.
Menkaure seems to speed up.
Aiming: Stone Arrow (dangerous; 5% risk of failure)
Press: ? - help, Q - select action, (/) - cycle Shift-Dir - straight line, f/p - Menkaure
Aim: Menkaure (almost destroyed, fast, 86% to hit)
The stone arrow hits Menkaure!!
You destroy Menkaure!
* * * LOW HITPOINT WARNING * * *
Your Fighting skill increases to level 2!
Your Spellcasting skill increases to level 5!
Unknown command.
Things that are here:
a +0 club; a +0 ring mail
Aiming: Stone Arrow (dangerous; 4% risk of failure)
Press: ? - help, Q - select action, (/) - cycle Shift-Dir - straight line, f - ufetubus
Aim: an ufetubus (53% to hit)
The stone arrow misses the ufetubus.
* * * LOW HITPOINT WARNING * * *
The ufetubus barely misses you. The ufetubus hits you.
* * * LOW HITPOINT WARNING * * *
The ufetubus hits you but does no damage.
The ufetubus barely misses you.
Aiming: Stone Arrow (dangerous; 4% risk of failure)
Press: ? - help, Q - select action, (/) - cycle Shift-Dir - straight line, f/p - ufetubus
Aim: an ufetubus (53% to hit)
The stone arrow misses the ufetubus.
* * * LOW HITPOINT WARNING * * *
The ufetubus barely misses you. The ufetubus hits you.
You die...

## ## .# ...# .#
####.####.#
###.........# #####
...........# #.... #
#....###.## #.###
####.#..#####.## #.# #
#..............# #.# #
#..#.##@#####..#####.#
# #5# #........# # #.#
##.####### #
......)...# #.# #
#.###...$.# #.#
#....... #.#
#.....##.#.# ......#
#.# >###.### #.#


You could see an ufetubus.

Vanquished Creatures
  Menkaure (D:5)
  Crazy Yiuf (D:3)
  A bullfrog skeleton (D:5)
  A gnoll (D:1)
  5 adders
  2 ufetubi
  An adder skeleton (D:4)
  2 worms (D:3)
  A dart slug (D:1)
  4 orcs
  6 bats
  5 endoplasms
  5 giant cockroaches
  6 goblins
  3 hobgoblins
  5 jackals
  7 kobolds
  A quokka (D:2)
  8 ball pythons (D:1)
  10 frilled lizards
  3 rats
78 creatures vanquished.

Vanquished Creatures (others)
  2 plants (D:1)
2 creatures vanquished.

Grand Total: 80 creatures vanquished

Notes
Turn   | Place    | Note
-------+----------+-------------------------------------------
     0 | D:1      | t4s4d4r the Djinni Earth Elementalist began the quest for
                  | the Orb.
     0 | D:1      | Reached XP level 1. HP: 15/15 MP: 0/0
   321 | D:1      | Reached XP level 2. HP: 15/21 MP: 0/0
   551 | D:1      | Reached skill level 3 in Spellcasting
   576 | D:1      | Found a faded altar of an unknown god.
   789 | D:1      | Reached XP level 3. HP: 24/25 MP: 0/0
   789 | D:1      | Learned a level 1 spell: Beastly Appendage
  1480 | D:1      | Reached XP level 4. HP: 31/31 MP: 0/0
  3122 | D:3      | Found a runed translucent door.
  3123 | D:3      | Noticed Crazy Yiuf
  3150 | D:3      | Reached skill level 4 in Spellcasting
  3400 | D:3      | Reached XP level 5. HP: 31/35 MP: 0/0
  3400 | D:3      | Learned a level 2 spell: Ensorcelled Hibernation
  3627 | D:3      | Killed Crazy Yiuf
  3860 | D:4      | Found a burning altar of Makhleb.
  4497 | D:5      | Entered Level 5 of the Dungeon
  4528 | D:5      | Reached XP level 6. HP: 7/41 MP: 0/0
  4762 | D:5      | Reached skill level 1 in Fighting
  4826 | D:5      | Noticed Menkaure
  4842 | D:5      | Killed Menkaure
  4843 | D:5      | Reached skill level 5 in Spellcasting
  4847 | D:5      | Slain by an ufetubus

Illustrated notes

Levels and vault maps discovered:
D:1:      erik_arrival_cave_to_civilisation [erik_arrival_cave_to_hall],
          layout_basic, hellmonk_ecumenical_altar_arch_garden,
          nicolae_grassy_gnolls
D:2:      layout_basic, st_stairs_10, minmay_lizard_pond
D:3:      layout_loops_ring, uniq_crazy_yiuf_cottage
D:4:      layout_loops_ring, mainiacjoe_overflow_tiny_flanked
D:5:      layout_loops_ring, nicolae_ossuary_entry_plus, minmay_crossroads,
          uniq_menkaure, uniq_grinder

Skill      XL: |  1  2  3  4  5  6 |
---------------+-------------------+-----
Spellcasting   | 3 4 5 |  5.1
Fighting       | 2 |  2.0
Dodging        | |  2.1
Stealth        | |  1.5

Action                   |  1- 3 |  4- 6 || total
-------------------------+-------+-------++-------
Melee: Dagger            |    32 |    25 ||    57
Throw: Stone             |       |     2 ||     2
 Cast: Sandblast         |    30 |    54 ||    84
       Stone Arrow       |       |     8 ||     8
 Stab: Sleeping          |     3 |     4 ||     7
       Distracted        |       |     1 ||     1
Armor: Robe              |    14 |    14 ||    28
Dodge: Dodged            |    23 |    42 ||    65

Table legend: (Time is in decaauts)
 A = Elapsed time spent in this place.
 B = Non-inter-level travel time spent in this place.
 C = Inter-level travel time spent in this place.
 D = Time resting spent in this place.
 E = Time spent auto-exploring this place.
 F = Levels seen in this place.
 G = Mean time per level.
                   A        B        C        D        E       F      G
               +--------+--------+--------+--------+--------+-----+--------+
         Total |   4844 |   4679 |    165 |   1153 |   3003 |   5 |  968.8 |
       Dungeon |   4844 |   4679 |    165 |   1153 |   3003 |   5 |  968.8 |
               +--------+--------+--------+--------+--------+-----+--------+

Top non-repeatable levels by time:
     D:1: 1701 daAuts
     D:2: 1073 daAuts
     D:3: 962 daAuts
     D:4: 758 daAuts
     D:5: 349 daAuts
